 Dungeon Crawl Stone Soup version 0.23.2-33-g5129a83184 (webtiles) character file.

Game seed: 13506006061926719645

14636 t4s4d4r the Cleaver (level 12, -11/95 HPs)
             Began as a Formicid Fighter on July 21, 2019.
             Was a High Priest of Okawaru.
             Killed from afar by a gargoyle (20 damage)
             ... with a stone arrow
             ... on level 13 of the Dungeon.
             The game lasted 00:24:55 (16016 turns).

t4s4d4r the Cleaver (Formicid Fighter)             Turns: 16016, Time: 00:24:57

Health: -11/95     AC: 15    Str: 25    XL:     12   Next: 47%
Magic:  16/16      EV:  9    Int:  9    God:    Okawaru [*****.]
Gold:   660        SH: 12    Dex: 10    Spells: 10/11 levels left

rFire    + . .     SeeInvis +   N - +1 battleaxe (chop)
rCold    + . .     Gourm    .   c - +1 shield
rNeg     . . .     Faith    +   s - +0 chain mail
rPois    .         Spirit   .   (helmet unavailable)
rElec    .         Reflect  .   l - scarf {rC+ rF+}
rCorr    .         Harm     .   a - +1 pair of gloves
MR       ++...                  C - +2 pair of boots {run}
Stlth    ..........             E - amulet of faith
HPRegen  0.25/turn              x - +1 ring of slaying
MPRegen  0.15/turn              F - ring of protection from magic

@: lightly drained, quick
A: permanent stasis, dig shafts and tunnels, four strong arms, antennae 3
a: Dig, Shaft Self, Heroism, Finesse, Renounce Religion


You were on level 13 of the Dungeon.
You worshipped Okawaru.
Okawaru was extremely pleased with you.
You were not hungry.

You visited 2 branches of the dungeon, and saw 14 of its levels.
You also visited: Sewer and Bailey.

You collected 912 gold pieces.
You spent 252 gold pieces at shops.

Inventory:

Hand Weapons
 N - a +1 battleaxe of chopping (weapon)
Missiles
 h - 499 stones (quivered)
 m - 2 throwing nets
Armour
 a - a +1 pair of gloves (worn)
 c - a +1 shield (worn)
 l - a scarf of resistance (worn)
 s - a +0 chain mail (worn)
 C - a +2 pair of boots of running (worn)
 G - a +0 plate armour
 K - a +1 large shield of fire resistance
 L - +0 ice dragon scales
Jewellery
 t - an uncursed amulet of regeneration
 v - an uncursed ring of wizardry
 x - a +1 ring of slaying (left hand)
 E - an amulet of faith (around neck)
 F - a ring of protection from magic (right hand)
 J - the ring "Kotamip" {rF- rN+ MR+ Str+5}
   (You took it off a centaur on level 9 of the Dungeon)

   [ring of protection from magic]

   It affects your strength (+5).
   It makes you vulnerable to fire.
   It protects you from negative energy.
   It affects your resistance to hostile enchantments.
Wands
 y - a wand of flame (13)
 R - a wand of scattershot (3)
Scrolls
 g - a scroll of immolation
 i - 4 scrolls of blinking {unknown}
 k - 2 scrolls of enchant weapon {unknown}
 n - 2 scrolls of identify
 u - 4 scrolls of enchant armour
 w - 2 scrolls of amnesia {unknown}
 A - a scroll of fear
 B - 2 scrolls of magic mapping
 D - a scroll of holy word {unknown}
 M - a scroll of summoning {unknown}
 Q - a scroll of remove curse
Potions
 d - 3 potions of might
 e - 4 potions of magic
 j - 5 potions of curing
 p - 6 potions of heal wounds
 q - 3 potions of flight
 r - 2 potions of mutation
 z - a potion of brilliance {unknown}
 H - a potion of lignification {unknown}
 O - a potion of resistance {unknown}
Miscellaneous
 b - a phial of floods (inert)
Comestibles
 f - 24 rations


   Skills:
 + Level 9.0(8.7) Fighting
 * Level 13.3(13.0) Axes
 + Level 6.3(6.0) Armour
 + Level 4.3(4.1) Dodging
 - Level 5.4(5.2) Stealth
 + Level 7.1(6.8) Shields
 - Level 4.4(4.2) Invocations
 - Level 5.9(5.7) Evocations


You had 10 spell levels left.
You knew the following spells:

 Your Spells              Type           Power        Failure   Level  Hunger
a - Confusing Touch       Hex            #.....       98%         1    ##.....

Your spell library contained the following spells:

 Spells                   Type           Power        Failure   Level  Hunger
 Beastly Appendage        Tmut           #.....       98%         1    ##.....
 Infusion                 Chrm           #...         98%         1    ##.....
 Magic Dart               Conj           #...         98%         1    ##.....
 Summon Small Mammal      Summ           #...         98%         1    ##.....
 Call Imp                 Summ           #.......     99%         2    ###....
 Shroud of Golubria       Chrm/Tloc      #.........   99%         2    ###....
 Slow                     Hex            #.......     99%         2    ###....
 Song of Slaying          Chrm           #.......     99%         2    ###....
 Sticks to Snakes         Tmut           #.......     99%         2    ###....
 Call Canine Familiar     Summ           #.......     100%        3    ####...
 Confuse                  Hex            #.......     100%        3    ####...
 Conjure Flame            Conj/Fire      #.......     100%        3    ####...
 Gell's Gravitas          Tloc           #.........   100%        3    ####...
 Mephitic Cloud           Conj/Pois/Air  #.......     100%        3    ####...
 Regeneration             Chrm/Necr      #.........   100%        3    ####...
 Spectral Weapon          Hex/Chrm       #.......     100%        3    ####...
 Spider Form              Tmut/Pois      #.........   100%        3    ####...
 Summon Guardian Golem    Hex/Summ       #.......     100%        3    ####...
 Ice Form                 Ice/Tmut       #.......     100%        4    #####..
 Petrify                  Tmut/Erth      #.......     100%        4    #####..
 Summon Ice Beast         Ice/Summ       #.......     100%        4    #####..
 Summon Lightning Spire   Summ/Air       #.......     100%        4    #####..
 Blade Hands              Tmut           #.........   100%        5    ######.
 Metabolic Englaciation   Hex/Ice        #.........   100%        5    ######.
 Yara's Violent Unravell  Hex/Tmut       #.........   100%        5    ######.
 Blink                    Tloc           Unusable     N/A         2    N/A

Dungeon Overview and Level Annotations

Branches:
Dungeon (13/15)            Temple (1/1) D:4            Lair (0/6) D:8
    Orc (0/2) D:12
 Vaults: D:13-14

Altars:
Ashenzari
Cheibriados
Dithmenos
Elyvilon
Gozag
Hepliaklqana
Kikubaaqudgha
Makhleb
Nemelex Xobeh
Okawaru
Qazlal
Ru
Trog
Uskayaw
Vehumet
Wu Jian
Xom
The Shining One

Shops:
D:4 (   D:5 !


Innate Abilities, Weirdness & Mutations

You cannot be hasted, slowed, berserked, paralysed or teleported.
You can dig through walls and to a lower floor.
Your four strong arms can wield two-handed weapons with a shield.
You have a pair of large antennae on your head. (SInv)


Message History

Unknown command.
The sun demon hits you.
You are engulfed in flames!
You resist. The sun demon hits you!!
* * * LOW HITPOINT WARNING * * *
You are engulfed in flames!
You resist.
* * * LOW HITPOINT WARNING * * *
Unknown command.
You slash the deep elf mage!
You kill the deep elf mage!
Okawaru accepts your kill. Something appears at your feet!
Okawaru grants you armour!
The sun demon disappears in a puff of smoke!
Your base Fighting skill increases to level 9!
Your chain mail prevents you from hitting the gargoyle.
The gargoyle hits you but does no damage.
Unknown command.
The gargoyle hurls a stone arrow at you.
The stone arrow hits you!!
You die...

#...........# #
#.......?..##..
##.[.............
.###................
...#..#.##..........
....##..##.........
.###.##.<##.........
#................
..##......@.).......
...........9[.......
....#...............
..###..%...Y........
. #.....Z.##......
............>....
.................#
.................###
;........#...<.###


You could see a gargoyle, an ice beast and a bullfrog zombie.

Vanquished Creatures
  Erolcha (D:9)
  A two-headed ogre (D:11)
  2 unseen horrors
  2 flayed ghosts (D:12)
  2 deep elf magi
  A manticore (D:12)
  An elephant (D:8)
  2 freezing wraiths (D:12)
  2 trolls
  A meliai (D:12)
  A blink frog (shapeshifter) (D:12)
  5 hippogriffs
  3 basilisks
  A yak (D:8)
  2 hungry ghosts
  A steam dragon (D:8)
  Grum (D:9)
  9 orc warriors
  2 eyes of draining
  7 ogres
  3 ice beasts
  2 sky beasts
  3 phantoms
  A black bear (D:12)
  4 wolves (D:9)
  7 centaurs
  3 crocodiles
  5 big kobolds
  5 bullfrogs
  2 scorpions
  6 killer bees (D:10)
  7 wights
  A howler monkey (D:11)
  A crimson imp (D:5)
  7 jellies
  A bullfrog zombie (D:11)
  A centaur zombie (D:7)
  A bullfrog skeleton (D:12)
  5 orc priests
  7 hounds
  10 orc wizards
  3 iguanas
  5 worker ants
  A centaur simulacrum (D:12)
  7 gnolls
  6 adders
  A howler monkey skeleton (D:5)
  3 river rats (Sewer)
  3 shadow imps
  A white imp (D:13)
  9 oozes
  2 dart slugs
  3 worms
  5 leopard geckos
  68 orcs
  7 ball pythons
  13 bats
  4 giant cockroaches
  12 goblins
  5 hobgoblins
  6 jackals (D:1)
  20 kobolds
  8 quokkas
  3 frilled lizards
  2 giant cockroach zombies (D:5)
  2 leopard gecko skeletons (D:6)
  A quokka zombie (D:6)
  11 rats
340 creatures vanquished.

Vanquished Creatures (others)
  A bat (D:3)
1 creature vanquished.

Grand Total: 341 creatures vanquished

Notes
Turn   | Place    | Note
-------+----------+-------------------------------------------
     0 | D:1      | t4s4d4r the Formicid Fighter began the quest for the Orb.
     0 | D:1      | Reached XP level 1. HP: 18/18 MP: 1/1
   224 | D:1      | Reached XP level 2. HP: 20/24 MP: 2/2
   466 | D:1      | Reached skill level 3 in Axes
   702 | D:1      | Reached XP level 3. HP: 29/29 MP: 3/3
  1216 | D:2      | Reached skill level 4 in Axes
  1216 | D:2      | Reached XP level 4. HP: 33/35 MP: 4/4
  2285 | D:4      | Found a staircase to the Ecumenical Temple.
  2307 | Temple   | Entered the Ecumenical Temple
  2439 | Temple   | Became a worshipper of Warmaster Okawaru
  2481 | D:4      | Found Jira's Weapon Boutique.
  2502 | D:4      | Reached skill level 5 in Axes
  2502 | D:4      | Reached XP level 5. HP: 35/41 MP: 5/5
  2627 | D:4      | Noticed a centaur
  2639 | D:4      | Killed a centaur
  2639 | D:4      | Reached XP level 6. HP: 13/47 MP: 6/6
  3112 | D:4      | Noticed an ogre
  3465 | D:4      | Reached skill level 6 in Axes
  3933 | D:4      | Noticed a phantom
  3948 | D:4      | Killed a phantom
  4033 | D:5      | Entered Level 5 of the Dungeon
  4049 | D:5      | Reached XP level 7. HP: 46/52 MP: 7/7
  4136 | D:5      | Reached skill level 7 in Axes
  4306 | D:5      | Reached * piety under Okawaru
  4306 | D:5      | Reached skill level 8 in Axes
  4453 | D:5      | Found a snail-covered altar of Cheibriados.
  4668 | D:5      | Reached XP level 8. HP: 12/58 MP: 8/8
  4910 | D:5      | Found Michion's Distillery.
  4923 | D:5      | Bought a potion of heal wounds for 70 gold pieces
  4923 | D:5      | Bought 2 potions of heal wounds for 140 gold pieces
  4923 | D:5      | Bought a potion of curing for 42 gold pieces
  5134 | D:6      | Reached skill level 1 in Evocations
  5253 | D:6      | Found a glowing drain.
  5265 | Sewer    | Entered a sewer
  5442 | Sewer    | Reached skill level 9 in Axes
  5465 | Sewer    | Reached ** piety under Okawaru
  6325 | D:6      | Reached XP level 9. HP: 35/66 MP: 11/11
  6788 | D:7      | Reached skill level 5 in Fighting
  6788 | D:7      | Reached skill level 10 in Axes
  7030 | D:7      | Found a radiant altar of Vehumet.
  7268 | D:7      | Reached *** piety under Okawaru
  7457 | D:7      | Found a burning altar of Makhleb.
  7465 | D:7      | Found a bloodstained altar of Trog.
  7777 | D:8      | Found a staircase to the Lair.
  7809 | D:8      | Reached skill level 5 in Evocations
  7851 | D:8      | Noticed a hippogriff
  8003 | D:8      | Killed a hippogriff
  8003 | D:8      | Reached **** piety under Okawaru
  8003 | D:8      | Reached skill level 11 in Axes
  8158 | D:8      | Noticed a hippogriff
  8169 | D:8      | Reached XP level 10. HP: 63/77 MP: 10/13
  8520 | D:8      | Noticed an elephant
  8539 | D:8      | Killed an elephant
  8697 | D:9      | Identified the ring "Kotamip" {rF- rN+ MR+ Str+5}
  8865 | D:9      | Learned a level 1 spell: Confusing Touch
  8876 | D:9      | Reached skill level 1 in Stealth
  9266 | D:9      | Reached skill level 1 in Dodging
  9271 | D:9      | Noticed Grum
  9294 | D:9      | Killed Grum
  9742 | D:9      | Noticed Erolcha
  9764 | D:9      | Killed Erolcha
  9764 | D:9      | Reached ***** piety under Okawaru
  9764 | D:9      | Reached skill level 12 in Axes
  9764 | D:9      | Reached skill level 1 in Invocations
  9891 | D:9      | Noticed an unseen horror
  9913 | D:9      | Reached XP level 11. HP: 70/84 MP: 1/15
  9943 | D:9      | Killed an unseen horror
 10611 | D:10     | Entered Level 10 of the Dungeon
 10632 | D:10     | Reached skill level 5 in Shields
 10638 | D:10     | Received a gift from Okawaru
 10656 | D:10     | Identified a +2 pair of boots of running (Okawaru gifted it
                  | to you on level 10 of the Dungeon)
 10669 | D:10     | Found a flagged portal.
 10683 | Bailey   | Entered a bailey
 12427 | D:11     | Noticed an unseen horror
 12473 | D:11     | Killed an unseen horror
 12473 | D:11     | Reached skill level 5 in Armour
 13204 | D:11     | Noticed a two-headed ogre
 13221 | D:11     | Killed a two-headed ogre
 13352 | D:11     | Noticed a seven-headed hydra
 13714 | D:11     | Reached skill level 5 in Stealth
 14095 | D:12     | Found a staircase to the Orcish Mines.
 14404 | D:12     | Noticed a deep elf mage
 14418 | D:12     | Killed a deep elf mage
 14418 | D:12     | Received a gift from Okawaru
 14418 | D:12     | Reached XP level 12. HP: 52/94 MP: 12/16
 14923 | D:12     | Received a gift from Okawaru
 14971 | D:12     | Noticed a flayed ghost
 14989 | D:12     | Killed a flayed ghost
 14989 | D:12     | Reached skill level 13 in Axes
 15054 | D:12     | Noticed a flayed ghost
 15071 | D:12     | Killed a flayed ghost
 16008 | D:13     | Noticed a sun demon
 16014 | D:13     | Received a gift from Okawaru
 16016 | D:13     | Killed from afar by a gargoyle

Skill      XL: |  1  2  3  4  5  6  7  8  9 10 11 12 |
---------------+-------------------------------------+-----
Axes           | 3 4 5 6 8 9 11 12 13 | 13.3
Evocations     | 3 5 |  5.9
Fighting       | 4 6 7 8 9 |  9.0
Stealth        | 3 5 |  5.4
Dodging        | 2 3 4 |  4.3
Shields        | 4 6 7 |  7.1
Armour         | 4 5 6 |  6.3
Invocations    | 1 4 |  4.4

Action                   |  1- 3 |  4- 6 |  7- 9 | 10-12 || total
-------------------------+-------+-------+-------+-------++-------
Melee: War axe           |   129 |   163 |   413 |   648 ||  1353
       Battleaxe         |       |       |       |   102 ||   102
Throw: Stone             |       |       |       |     1 ||     1
Invok: Heroism           |       |       |     6 |    14 ||    20
Evoke: Wand              |       |       |     3 |     6 ||     9
       Phial of floods   |       |       |       |     1 ||     1
  Use: Scroll            |       |     1 |    14 |     4 ||    19
       Potion            |       |       |       |     2 ||     2
  Eat: Chunk             |     1 |     6 |    13 |    22 ||    42
       Ration            |       |     1 |       |     4 ||     5
Armor: Scale mail        |    99 |    65 |   102 |    43 ||   309
       Chain mail        |       |       |       |   218 ||   218
Dodge: Dodged            |    54 |    54 |    99 |   227 ||   434
Block: Shield            |    82 |    87 |   206 |   487 ||   862
